 Dungeon Crawl Stone Soup version 0.27-a0-216-g1fbed8a51c (webtiles) character file.

Game seed: 12144562981967993795

37468 Sousig the Destroyer (level 13, -22/76 HPs)
             Began as an Octopode Conjurer on Jan 31, 2021.
             Was a High Priest of Vehumet.
             Annihilated by an ettin
             ... wielding a +0 dire flail
              (52 damage)
             ... on level 1 of the Orcish Mines.
             The game lasted 01:52:38 (15144 turns).

Sousig the Destroyer (Octopode Conjurer)           Turns: 15144, Time: 01:52:39

Health: -22/76     AC:  4    Str:  9    XL:     13   Next: 96%
Magic:  1/43       EV: 17    Int: 35    God:    Vehumet [*****.]
Gold:   1330       SH:  0    Dex: 11    Spells: 14/38 levels left

rFire    . . .     SeeInvis .   i - staff of conjuration
rCold    + . .     Faith    .   (no shield)
rNeg     + . .     Spirit   .   z - +3 hat of Pondering {ponderous, Will+ MP+10 Int+5}
rPois    .         Reflect  .   j - amulet of magic regeneration
rElec    .         Harm     .   b - +6 ring of intelligence
rCorr    +         Rampage  .   y - ring of resist corrosion
Will     +....                  E - ring of stealth
Stlth    +++++.....             F - ring of positive energy
HPRegen  0.22/turn              I - ring of protection from cold
MPRegen  0.53/turn              (no ring)
                                (no ring)
                                (no ring)

@: slow
A: almost no armour, stealthy swim, amphibious, 8 rings, constrict 8, repulsion
field 1, camouflage 1, high mp 1, strong 1, gelatinous body 1
a: Renounce Religion


You were on level 1 of the Orcish Mines.
You worshipped Vehumet.
Vehumet was extremely pleased with you.
You visited 3 branches of the dungeon, and saw 16 of its levels.

You collected 1330 gold pieces.

Inventory:

Hand Weapons
 o - a +2 trident of venom
 p - a +3 vorpal flail
 u - a +1 dire flail of draining
 K - the +6 trident of the Throat {elec, rElec rF++, unknown}
   (You found it on level 10 of the Dungeon)

   Occasionally, upon striking a foe, it can discharge electrical energy and
   cause terrible harm.
   It greatly protects you from fire.
   It insulates you from electricity.
Missiles
 c - 32 poisoned darts
 e - 13 curare-tipped darts (quivered)
Armour
 m - a +2 hat
 z - the +3 hat of Pondering (worn) {ponderous, Will+ MP+10 Int+5}
   (You took it off Gastronok on level 2 of the Lair of Beasts)

   It affects your intelligence (+5).
   It affects your willpower, your defense against some magical effects.
   It affects your magic capacity (+10).
Magical Staves
 i - an uncursed staff of conjuration (weapon)
 x - an uncursed staff of fire
 L - an uncursed staff of cold
Jewellery
 b - a +6 ring of intelligence (left tentacle)
 g - an uncursed amulet of the acrobat
 j - an amulet of magic regeneration (around mantle)
 y - a ring of resist corrosion (right tentacle)
 E - a ring of stealth (on tentacle)
 F - a ring of positive energy (on tentacle)
 I - a ring of protection from cold (on tentacle)
Wands
 d - a wand of flame (29)
 k - a wand of paralysis (17)
 r - a wand of charming (9)
 w - a wand of random effects (33)
 J - a wand of iceblast (6)
 N - a wand of polymorph (7)
Scrolls
 h - 7 scrolls of teleportation
 v - 4 scrolls of magic mapping
 C - a scroll of amnesia
 D - a scroll of fear
 H - a scroll of enchant armour
 M - a scroll of remove curse
Potions
 a - 2 potions of brilliance
 f - 3 potions of might
 l - a potion of berserk rage
 n - 2 potions of haste
 q - a potion of ambrosia
 s - a potion of invisibility {unknown}
 t - a potion of degeneration {unknown}
 A - a potion of lignification {unknown}
 B - a potion of cancellation
 G - a potion of flight {unknown}
 O - a potion of curing


   Skills:
 + Level 2.5 Fighting
 + Level 1.5 Polearms
 + Level 1.3 Throwing
 + Level 4.8 Dodging
 + Level 7.1 Stealth
 + Level 13.0 Spellcasting
 + Level 14.4 Conjurations
 + Level 7.8 Hexes
 + Level 3.4 Translocations
 + Level 0.9 Transmutations
 + Level 3.5 Air Magic
 + Level 2.9 Poison Magic


You had 14 spell levels left.
You knew the following spells:

 Your Spells              Type           Power        Failure   Level
a - Magic Dart            Conj           100%         0%          1
b - Searing Ray           Conj           100%         0%          2
c - Fulminant Prism       Conj/Hex       50%          1%          4
d - Iskenderun's Mystic   Conj/Tloc      91%          1%          4
e - Mephitic Cloud        Conj/Pois/Air  82%          1%          3
f - Yara's Violent Unrav  Hex/Tmut       26%          2%          5
g - Lightning Bolt        Conj/Air       45%          1%          5

Your spell library contained the following spells:

 Spells                   Type           Power        Failure   Level
 Apportation              Tloc           94%          1%          1
 Corona                   Hex            74%          1%          1
 Ensorcelled Hibernation  Hex/Ice        100%         1%          2
 Confusing Touch          Hex            67%          1%          3
 Dazzling Flash           Conj/Hex       100%         1%          3
 Lesser Beckoning         Tloc           23%          1%          3
 Tukima's Dance           Hex            67%          1%          3
 Irradiate                Conj/Tmut      43%          1%          5
 Invisibility             Hex            67%          12%         6
 Alistair's Intoxication  Tmut/Pois      24%          22%         5
 Hydra Form               Tmut           14%          88%         6
 Statue Form              Tmut/Erth      17%          93%         6
 Dragon Form              Tmut           14%          100%        7


Dungeon Overview and Level Annotations

Branches:
Dungeon (12/15)              Lair (3/6) D:9             Orc (1/2) D:12
 Temple: D:4-7        Swamp: Lair:2-4    Shoals: Lair:2-4     Snake: Lair:2-4
 Spider: Lair:2-4

Altars:
Hepliaklqana
Qazlal
Trog
Uskayaw
Vehumet
Wu Jian
Xom
Zin

Shops:
D:4 ?

Annotations:
Lair:2 1 runed translucent door, Vejex's ghost, journeyman DEFE


Innate Abilities, Weirdness & Mutations

You cannot wear most types of armour.
You are very stealthy in the water. (Stealth+)
You are amphibious.
You can wear up to eight rings at the same time.
You can use your tentacles to constrict eight enemies at once.
Your skin changes colour to match your surroundings (Stealth+).
Your rubbery body absorbs attacks. (AC +1, EV +1)
You are surrounded by a mild repulsion field. (EV +2)
You have an increased reservoir of magic. (+10% MP)
Your muscles are strong. (Str +2)


Message History

Casting: Searing Ray (safe; 0% risk of failure)
Confirm with . or Enter, or press ? or * to list all spells.
You feel a surge of power!
You erupt in a blast of force!
The mystic blast hits the ettin but does no damage.
The ettin is almost dead.
Casting: Iskenderun's Mystic Blast (safe; 1% risk of failure)
Confirm with . or Enter, or press ? or * to list all spells.
You don't have enough magic to cast that spell.
Casting: Iskenderun's Mystic Blast (safe; 1% risk of failure)
Confirm with . or Enter, or press ? or * to list all spells.
Aiming: Searing Ray (safe; 0% risk of failure)
Press: ? - help, Shift-Dir - straight line, f/p - ettin
Aim: an ettin, wielding a +0 dire flail and a -2 great mace (almost dead, 4% to evade)
You feel a surge of power!
The searing ray hits the ettin.
The ettin is almost dead. (Press . to maintain the ray.)
The ettin hits you with a +0 dire flail!!
The ettin hits you with a cursed -2 great mace!!!
Ouch! That really hurt!
You die...

....###.##
.##
.....#...#
..## ###
........##
..≈# ##≈###
)....#..#
).≈ #≈≈..##
....#...# .)
##≈....#
........#
##)
###.....##
..#..#..#
#)#
##.........
.##...###
##C#
#.###.....#
..##.## #@##
#.#####..##
.##...# #≈##
##.## ##≈≈#
.###.##
#≈≈## ##.#
#### ##.####
##≈)## #.#
......###
#...>### #≈#
........##
##...).###≈#
####
.#.......#
#.)))#..≈##
##.#.
........##
##))######
#....
.........##
#### ##...


You could see an ettin.

Vanquished Creatures
  Gastronok (Lair:2)
  Josephine (D:11)
  Harold (D:7)
  Fannar (D:11)
  A boulder beetle (D:11)
  Erolcha (D:11)
  A hydra (D:12)
  7 two-headed ogres
  Erica (D:8)
  3 death yaks (D:9)
  An orc high priest (Orc:1)
  Sonja (D:11)
  Nergalle (Lair:2)
  3 orc knights (Orc:1)
  2 orc sorcerers (Orc:1)
  2 ugly things
  A black mamba (Lair:2)
  3 cane toads
  2 gargoyles
  Maggie (D:8)
  3 komodo dragons
  9 trolls
  3 slime creatures (D:12)
  Prince Ribbit (D:8)
  5 blink frogs (Lair:1)
  3 wyverns
  Sigmund (D:5)
  3 wraiths (D:11)
  A basilisk (Lair:1)
  Grum (D:11)
  20 yaks
  2 wargs (Orc:1)
  Edmund (D:5)
  A soldier ant (D:11)
  6 water moccasins
  15 orc warriors
  5 sky beasts
  2 phantoms
  An ice beast (D:12)
  2 necrophages
  3 black bears
  24 ogres
  An eye of draining (D:12)
  6 wolves
  3 centaurs
  A big kobold (D:9)
  12 bullfrogs
  2 gnoll sergeants
  2 wyvern skeletons
  3 scorpions (D:7)
  12 killer bees
  6 howler monkeys
  A bullfrog zombie (D:12)
  2 jellies
  5 hounds
  13 orc priests
  A bullfrog skeleton (D:10)
  An iguana (D:7)
  14 orc wizards
  2 hell rats (D:9)
  11 worker ants
  A mummy (D:4)
  A hound zombie (D:11)
  A hound skeleton (D:9)
  5 worker ant zombies
  A howler monkey skeleton (D:6)
  5 gnolls (D:10)
  4 adders
  2 river rats (D:9)
  2 white imps
  2 oozes
  An adder zombie (D:5)
  2 worms (D:2)
  2 dart slugs
  6 leopard geckos
  83 orcs
  10 bats
  4 giant cockroaches
  10 goblins
  8 hobgoblins
  14 jackals
  10 kobolds
  9 quokkas
  2 ball pythons
  6 frilled lizards
  A leopard gecko zombie (D:5)
  A quokka skeleton (D:7)
  6 rats
  8 fulminant prisms
452 creatures vanquished.

Vanquished Creatures (others)
  165 fulminant prisms
  5 fungi
  3 plants
173 creatures vanquished.

Grand Total: 625 creatures vanquished

Notes
Turn   | Place    | Note
-------+----------+-------------------------------------------
     0 | D:1      | Sousig the Octopode Conjurer began the quest for the Orb.
     0 | D:1      | Reached XP level 1. HP: 11/11 MP: 3/3
   120 | D:1      | Reached XP level 2. HP: 17/17 MP: 0/5
   183 | D:1      | Learned a level 2 spell: Searing Ray
   652 | D:1      | Reached XP level 3. HP: 20/21 MP: 1/6
   991 | D:1      | Gained mutation: You are surrounded by a mild repulsion
                  | field. (EV +2) [potion of mutation]
   991 | D:1      | Gained mutation: You have an increased reservoir of magic.
                  | (+10% MP) [potion of mutation]
   991 | D:1      | Gained mutation: Your muscles are strong. (Str +2) [potion
                  | of mutation]
  1303 | D:2      | Reached skill level 5 in Conjurations
  1303 | D:2      | Reached XP level 4. HP: 27/27 MP: 4/8
  1749 | D:2      | You fall into a shaft and drop 2 floors!
  1792 | D:3      | Reached skill level 1 in Throwing
  1792 | D:3      | Reached XP level 5. HP: 31/31 MP: 5/10
  2036 | D:3      | Reached XP level 6. HP: 34/36 MP: 3/12
  2986 | D:4      | Found a radiant altar of Vehumet.
  2997 | D:4      | Became a worshipper of Vehumet
  3027 | D:4      | Found Moik's Magic Scroll Boutique.
  3110 | D:4      | You fall into a shaft and drop 2 floors!
  3127 | D:6      | Reached skill level 6 in Conjurations
  3136 | D:5      | Entered Level 5 of the Dungeon
  3228 | D:5      | Found a hide-covered altar of Uskayaw.
  3454 | D:5      | Noticed a sky beast
  3454 | D:5      | Noticed a sky beast
  3463 | D:5      | Reached XP level 7. HP: 39/41 MP: 6/14
  3476 | D:5      | Reached skill level 5 in Spellcasting
  3698 | D:5      | Reached XP level 8. HP: 47/47 MP: 11/17
  3749 | D:5      | Found a glowing silver altar of Zin.
  3911 | D:5      | Noticed Sigmund
  3923 | D:5      | Killed Sigmund
  3924 | D:5      | Reached skill level 7 in Conjurations
  4136 | D:5      | Reached skill level 1 in Fighting
  4386 | D:5      | Noticed Edmund
  4392 | D:5      | Killed Edmund
  4486 | D:5      | Found a stormy altar of Qazlal.
  4644 | D:5      | Reached skill level 5 in Stealth
  5179 | D:6      | Reached * piety under Vehumet
  5179 | D:6      | Offered knowledge of Freeze by Vehumet.
  5255 | D:7      | Reached skill level 1 in Polearms
  5405 | D:7      | Reached XP level 9. HP: 32/53 MP: 15/21
  5657 | D:7      | Reached skill level 8 in Conjurations
  5751 | D:7      | Found a hazy altar of Hepliaklqana.
  5853 | D:7      | Found an ornate altar of the Wu Jian Council.
  6107 | D:7      | Noticed Harold
  6117 | D:7      | Killed Harold
  6293 | D:7      | Learned a level 4 spell: Fulminant Prism
  6313 | D:7      | Reached skill level 9 in Conjurations
  6651 | D:8      | Noticed Maggie
  6652 | D:8      | Noticed Prince Ribbit
  6657 | D:8      | Killed Prince Ribbit
  6659 | D:8      | Killed Maggie
  6660 | D:8      | Reached XP level 10. HP: 53/60 MP: 7/24
  6703 | D:8      | Reached ** piety under Vehumet
  6703 | D:8      | Offered knowledge of Foxfire by Vehumet.
  6725 | D:8      | Learned a level 4 spell: Iskenderun's Mystic Blast
  6933 | D:8      | Reached skill level 1 in Hexes
  7005 | D:8      | Noticed Erica
  7017 | D:8      | Killed Erica
  7018 | D:8      | Reached skill level 10 in Conjurations
  7259 | D:8      | Found a shimmering altar of Xom.
  7287 | D:8      | Found a bloodstained altar of Trog.
  7427 | D:9      | Noticed a death yak
  7427 | D:9      | Noticed a death yak
  7436 | D:9      | Noticed a death yak
  7437 | D:9      | Killed a death yak
  7440 | D:9      | Killed a death yak
  7449 | D:9      | Killed a death yak
  7450 | D:9      | Reached XP level 11. HP: 5/64 MP: 18/27
  7768 | D:9      | Found a staircase to the Lair.
  7807 | D:9      | Noticed a two-headed ogre
  7814 | D:9      | Killed a two-headed ogre
  7815 | D:9      | Reached skill level 11 in Conjurations
  7827 | D:9      | You fall into a shaft and drop 1 floor!
  7827 | D:10     | Entered Level 10 of the Dungeon
  7837 | D:10     | Offered knowledge of Mephitic Cloud by Vehumet.
  8147 | D:9      | Reached *** piety under Vehumet
  8285 | D:9      | Learned a level 3 spell: Mephitic Cloud
  8285 | D:9      | Identified a scroll of acquirement
  8285 | D:9      | Acquired an uncursed staff of conjuration
  8333 | D:9      | Reached skill level 10 in Spellcasting
  8941 | Lair:1   | Entered Level 1 of the Lair of Beasts
  8957 | Lair:1   | Offered knowledge of Conjure Flame by Vehumet.
  8958 | Lair:1   | Reached skill level 1 in Poison Magic
  9398 | Lair:1   | Reached skill level 12 in Conjurations
  9488 | Lair:1   | Reached skill level 5 in Hexes
  9930 | Lair:2   | Reached skill level 1 in Air Magic
 10082 | Lair:2   | Reached XP level 12. HP: 72/72 MP: 20/29
 10216 | Lair:2   | Noticed Nergalle
 10233 | Lair:2   | Killed Nergalle
 10233 | Lair:2   | Reached **** piety under Vehumet
 10448 | Lair:2   | Noticed Gastronok
 10474 | Lair:2   | Killed Gastronok
 10475 | Lair:2   | Reached skill level 1 in Translocations
 10684 | Lair:2   | Found a runed translucent door.
 10685 | Lair:2   | Noticed Vejex's ghost (journeyman DEFE)
 11119 | Lair:3   | Noticed an eight-headed hydra
 11485 | D:10     | Offered knowledge of Yara's Violent Unravelling by Vehumet.
 11492 | D:10     | Learned a level 5 spell: Yara's Violent Unravelling
 11894 | D:10     | Got a fine trident
 12163 | D:11     | Reached skill level 13 in Conjurations
 12235 | D:11     | Noticed Erolcha
 12248 | D:11     | Killed Erolcha
 12360 | D:11     | Noticed Grum
 12363 | D:11     | Killed Grum
 12394 | D:11     | Noticed Fannar
 12399 | D:11     | Killed Fannar
 12496 | D:11     | Noticed a boulder beetle
 12501 | D:11     | Noticed Josephine
 12518 | D:11     | Killed Josephine
 12543 | D:11     | Killed a boulder beetle
 12544 | D:11     | Reached XP level 13. HP: 76/76 MP: 5/31
 13157 | D:11     | Noticed Sonja
 13178 | D:11     | Killed Sonja
 13938 | D:12     | Reached ***** piety under Vehumet
 13938 | D:12     | Offered knowledge of Lightning Bolt by Vehumet.
 13993 | D:12     | Found a staircase to the Orcish Mines.
 14008 | D:12     | Learned a level 5 spell: Lightning Bolt
 14095 | Orc:1    | Entered Level 1 of the Orcish Mines
 14570 | Orc:1    | Reached skill level 14 in Conjurations
 15135 | Orc:1    | Noticed an ettin
 15144 | Orc:1    | Annihilated by an ettin

Illustrated notes

Levels and vault maps discovered:
D:1:      nzn_arrival_crosshair, layout_basic, amcnicky_mini_pool_small
D:2:      layout_rooms
D:3:      layout_loops_ring
D:4:      layout_loops_ring, vehumet_altar_wand_db, gup_ossuary_entry_pyramid,
          portal_sewer_entry_c, serial_shops, shop_scrolls,
          kennysheep_another_room
D:5:      layout_layer_cave, kennysheep_little_box, lemuel_round_altar,
          lemuel_crystal_altar, minmay_temple_entry_from_below_a,
          minmay_circle_x, uniq_sigmund, uniq_edmund
D:6:      layout_basic
D:7:      layout_layer_cave, kennysheep_mini_moat, old_standard_altar,
          uniq_harold
D:8:      minmay_general_purpose_star, layout_rooms, lightli_temple_of_fire,
          lemuel_doored_altar, uniq_prince_ribbit1, uniq_erica, uniq_maggie
D:9:      layout_loops_ring, dpeg_lair_monsters
D:10:     layout_loops_ring, minivault_26
D:11:     layout_basic, hangedman_decor_opposing, kennysheep_generic_room_6,
          uniq_sonja, uniq_grum, uniq_erolcha, uniq_josephine, uniq_fannar
D:12:     layout_basic, hiddenorc2_lemuel
Lair:1:   layout_roguey
Lair:2:   layout_roguey, ebering_ghost_inner_flame, lemuel_fruit_fields,
          serial_bayou_shore_b, uniq_gastronok, uniq_nergalle
Lair:3:   layout_hall_layers, elwin_shoals_entry_rooms
Orc:1:    lemuel_ogre_cave, layout_caves, sword_in_stone

Skill      XL: |  1  2  3  4  5  6  7  8  9 10 11 12 13 |
---------------+----------------------------------------+-----
Conjurations   | 5 6 7 9 10 12 13 14 | 14.4
Throwing       | 1 |  1.3
Stealth        | 3 4 5 6 7 |  7.1
Spellcasting   | 3 4 5 6 8 9 10 11 13 | 13.0
Fighting       | 1 2 |  2.5
Dodging        | 3 4 |  4.8
Polearms       | 1 |  1.5
Hexes          | 3 5 7 |  7.8
Poison Magic   | 1 2 |  2.9
Air Magic      | 1 3 |  3.5
Translocations | 2 3 |  3.4
Transmutations | |  0.9

Action                   |  1- 3 |  4- 6 |  7- 9 | 10-12 | 13-15 || total
-------------------------+-------+-------+-------+-------+-------++-------
Melee: Dagger            |     7 |     5 |       |       |       ||    12
       Constrict         |     3 |     1 |       |       |     2 ||     6
       Tentacles         |     1 |       |       |       |       ||     1
       Trident           |       |       |     1 |       |       ||     1
       Staff             |       |       |       |       |     4 ||     4
Throw: Dart              |     6 |       |       |     1 |     1 ||     8
 Cast: Magic Dart        |    41 |    33 |    26 |    40 |    17 ||   157
       Searing Ray       |    13 |    37 |    42 |    56 |    45 ||   193
       Fulminant Prism   |       |       |     7 |   121 |    45 ||   173
       Iskenderun's Myst |       |       |       |    25 |    47 ||    72
       Mephitic Cloud    |       |       |       |    10 |    19 ||    29
       Yara's Violent Un |       |       |       |     4 |     1 ||     5
       Lightning Bolt    |       |       |       |       |    26 ||    26
  Use: Potion            |     4 |       |       |     7 |     1 ||    12
       Scroll            |     3 |     5 |     3 |     9 |       ||    20
Armor: Skin              |       |       |     2 |     5 |     2 ||     9
Dodge: Dodged            |     7 |    15 |    17 |    40 |    11 ||    90

Table legend: (Time is in decaauts)
 A = Elapsed time spent in this place.
 B = Non-inter-level travel time spent in this place.
 C = Inter-level travel time spent in this place.
 D = Time resting spent in this place.
 E = Time spent auto-exploring this place.
 F = Levels seen in this place.
 G = Mean time per level.
                   A        B        C        D        E       F      G
               +--------+--------+--------+--------+--------+-----+--------+
         Total |  15430 |  14818 |    612 |   4363 |   7914 |  16 |  964.4 |
       Dungeon |  11993 |  11521 |    472 |   3542 |   6092 |  12 |  999.4 |
          Lair |   2332 |   2192 |    140 |    583 |   1253 |   3 |  777.3 |
  Orcish Mines |   1105 |   1105 |      0 |    238 |    567 |   1 | 1105.0 |
               +--------+--------+--------+--------+--------+-----+--------+

Top non-repeatable levels by time:
     D:5: 1702 daAuts
    D:11: 1578 daAuts
     D:7: 1425 daAuts
     D:9: 1303 daAuts
  Lair:2: 1295 daAuts
     D:3: 1211 daAuts
   Orc:1: 1105 daAuts
     D:8: 1024 daAuts
  Lair:1: 1019 daAuts
     D:1: 995 daAuts
    D:10: 829 daAuts
     D:2: 752 daAuts
    D:12: 604 daAuts
     D:6: 418 daAuts
     D:4: 147 daAuts
